 Dungeon Crawl Stone Soup version 0.24.0-13-gcf9b319 (webtiles) character file.

Game seed: 18216473038440136417, levelgen mode: deterministic

4410 Bronimir the Thaumaturge (level 10, 0/53 HPs)
             Began as a Deep Elf Fire Elementalist on Apr 20, 2020.
             Was a Believer of Vehumet.
             Slain by a river rat (2 damage)
             ... summoned by Gastronok
             ... on level 8 of the Dungeon.
             The game lasted 00:19:31 (10600 turns).

Bronimir the Thaumaturge (DEFE)                    Turns: 10600, Time: 00:19:33

Health: 0/53       AC: 10    Str:  5    XL:     10   Next: 14%
Magic:  3/34       EV: 16    Int: 24    God:    Vehumet [**....]
Gold:   221        SH:  0    Dex: 15    Spells: 4/28 levels left

rFire    + . .     SeeInvis .   b - +0 shortbow
rCold    x . .     Gourm    .   (shield currently unavailable)
rNeg     . . .     Faith    .   u - +0 robe
rPois    .         Spirit   .   J - +2 helmet
rElec    .         Reflect  .   w - +2 cloak
rCorr    .         Harm     .   p - +0 pair of gloves
MR       +....                  V - +0 pair of boots
Stlth    ++........             (no amulet)
HPRegen  0.17/turn              W - ring of magical power
MPRegen  0.24/turn              O - ring of fire

@: slowed, very slow
A: no striking features
a: Renounce Religion


You were on level 8 of the Dungeon.
You worshipped Vehumet.
Vehumet was pleased with you.
You were very hungry.

You visited 2 branches of the dungeon, and saw 9 of its levels.

You collected 326 gold pieces.
You spent 105 gold pieces at shops.

Inventory:

Hand Weapons
 a - a +2 falchion of freezing
 b - a +0 shortbow (weapon)
 S - a +0 hunting sling
Missiles
 l - 74 bolts
 n - 180 stones
 q - 21 arrows (quivered)
 x - 3 silver boomerangs
 D - 73 sling bullets
Armour
 f - a +0 pair of boots
 m - a +0 leather armour
 p - a +0 pair of gloves (worn)
 u - a +0 robe (worn)
 w - a +2 cloak (worn)
 z - a +0 ring mail
 B - a scarf of resistance
 J - a +2 helmet (worn)
 V - a +0 pair of boots (worn)
Jewellery
 y - an uncursed ring of positive energy
 O - a ring of fire (right hand)
 T - an uncursed ring of magical power
 W - a ring of magical power (left hand)
Wands
 C - a wand of acid (6)
 F - a wand of digging (4)
 L - a wand of random effects (13)
 N - a wand of disintegration (34)
 R - a wand of enslavement (9)
Scrolls
 e - 3 scrolls of remove curse {unknown}
 g - 4 scrolls of fear {unknown}
 k - 11 scrolls of identify {unknown}
 o - 3 scrolls of fog {unknown}
 s - 3 scrolls of magic mapping {unknown}
 t - 5 scrolls of amnesia {unknown}
 v - 5 scrolls of teleportation {unknown}
 A - 2 scrolls of enchant weapon {unknown}
 E - 2 scrolls of blinking {unknown}
 G - a scroll of random uselessness {unknown}
 Q - a scroll of enchant armour {unknown}
Potions
 d - 3 potions of heal wounds {unknown}
 h - 2 potions of magic {unknown}
 i - a potion of degeneration {unknown}
 j - 2 potions of flight {unknown}
 r - 5 potions of curing {unknown}
 K - a potion of ambrosia {unknown}
 M - a potion of haste {unknown}
 P - a potion of invisibility {unknown}
Comestibles
 c - 3 rations


   Skills:
 + Level 1.8 Fighting
   Level 1.2(1.4) Short Blades
 + Level 0.7(1.1) Long Blades
 * Level 3.3 Bows
 * Level 2.0 Armour
 * Level 6.4 Dodging
 - Level 2.4 Stealth
 + Level 9.7 Spellcasting
 * Level 7.8 Conjurations
 * Level 2.8 Summonings
 * Level 8.4 Fire Magic
 * Level 2.1 Earth Magic


You had 4 spell levels left.
You knew the following spells:

 Your Spells              Type           Power        Failure   Level  Hunger
a - Flame Tongue          Conj/Fire      #####        1%          1    None
b - Throw Flame           Conj/Fire      ######       1%          2    None
c - Conjure Flame         Conj/Fire      ######..     1%          3    None
d - Sticky Flame          Conj/Fire      ######..     1%          4    #......
e - Fireball              Conj/Fire      ######....   5%          5    ####...
f - Magic Dart            Conj           ####         1%          1    None
g - Blink                 Tloc           N/A          9%          2    None
h - Mephitic Cloud        Conj/Pois/Air  ###.....     5%          3    None
i - Call Imp              Summ           ####....     2%          2    None
j - Sandblast             Erth           ###...       2%          1    None

Your spell library contained the following spells:

 Spells                   Type           Power        Failure   Level  Hunger
 Inner Flame              Hex/Fire       #####...     2%          3    None
 Slow                     Hex            ##......     9%          2    None


Dungeon Overview and Level Annotations

Branches:
Dungeon (8/15)             Temple (1/1) D:5            Lair (0/6) D:8

Altars:
Ashenzari
Cheibriados
Dithmenos
Elyvilon
Fedhas
Hepliaklqana
Kikubaaqudgha
Makhleb
Nemelex Xobeh
Okawaru
Qazlal
Ru
Sif Muna
Trog
Uskayaw
Vehumet
Wu Jian
Xom
Yredelemnul
Zin
The Shining One

Shops:
D:6 (

Annotations:
D:8 1 transporter, Gastronok; mumawa's ghost, novice TrEE


Message History

The river rat bites you.
The river rat bites you but does no damage.
The river rat completely misses you. The river rat barely misses you.
The river rat closely misses you. The river rat barely misses you.
Gastronok bites you!!!
Ouch! That really hurt!
* * * LOW HITPOINT WARNING * * *
The river rat misses you. x2
Casting: Sticky Flame (safe; 1% risk of failure)
Confirm with . or Enter, or press ? or * to list all spells.
Aiming: Sticky Flame (safe; 1% risk of failure)
Press: ? - help, Shift-Dir - straight line, f/p - Gastronok
Aim: Gastronok, wearing a +1 hat of magic resistance (almost dead)
You feel a surge of power!
The sticky flame hits Gastronok!
Gastronok is almost dead.
Gastronok is covered in liquid flames!
Gastronok burns!
The river rat closely misses you.
The river rat bites you but does no damage.
The river rat bites you.
You die...

##.###.###...####..##)#
#. .......)......#
##.##.# ##
##.###.######(# #.##.#
#
#.#.####(####.##)#####
#.#.#...(......#÷.....
#.#.#..........#.†....
#.#.'.<........#..†...
..#.#.w........#....≈≈
###.#@r............≈.≈
#.#rr.......#.....≈≈
#.#........##...≈..≈
#.#........###...≈≈.
#.#........# #...≈≈≈
#.#........# #..≈≈≈≈
#.# #.#........#
#.≈≈≈≈≈ #.#
#.#........# ##≈≈≈≈≈
#.# #.#........# #≈≈≈≈≈


You could see Gastronok (burning) and 3 river rats.

Vanquished Creatures
  Harold (D:8)
  A troll (D:8)
  Grinder (D:4)
  Eustachio (D:5)
  A water moccasin (D:6)
  Duvessa (D:5)
  2 orc warriors (D:7)
  2 ice beasts
  Purgy (D:4)
  2 sky beasts
  A phantom (D:7)
  4 wolves (D:8)
  5 bullfrogs
  Dowan (D:5)
  2 scorpions
  3 killer bees (D:8)
  3 wights (D:8)
  3 electric eels (D:8)
  A howler monkey (D:7)
  2 centaur zombies
  8 orc wizards
  4 orc priests
  A bullfrog skeleton (D:6)
  4 hounds
  2 iguanas (D:6)
  Ijyb (D:5)
  6 worker ants
  2 worker ant zombies
  4 gnolls
  11 adders
  A shadow imp (D:5)
  An ooze (D:2)
  2 dart slugs
  A leopard gecko (D:3)
  26 orcs
  2 bats (D:1)
  2 giant cockroaches
  7 goblins
  5 hobgoblins
  19 jackals
  4 kobolds
  3 quokkas
  A ball python (D:3)
  4 frilled lizards
  14 rats
  A toadstool (D:1)
174 creatures vanquished.

Vanquished Creatures (others)
  An orc priest (D:6)
  An orc (D:6)
  3 toadstools (D:1)
5 creatures vanquished.

Grand Total: 179 creatures vanquished

Notes
Turn   | Place    | Note
-------+----------+-------------------------------------------
     0 | D:1      | Bronimir the Deep Elf Fire Elementalist began the quest for
                  | the Orb.
     0 | D:1      | Reached XP level 1. HP: 10/10 MP: 6/6
   367 | D:1      | Reached XP level 2. HP: 15/15 MP: 4/8
   904 | D:2      | Learned a level 2 spell: Throw Flame
  1121 | D:2      | Reached XP level 3. HP: 19/19 MP: 8/10
  1841 | D:3      | Reached skill level 4 in Spellcasting
  1846 | D:3      | Reached XP level 4. HP: 21/24 MP: 6/12
  1963 | D:3      | Found an iron altar of Okawaru.
  2073 | D:3      | Found a faded altar of an unknown god.
  2536 | D:4      | Noticed Purgy
  2546 | D:4      | Killed Purgy
  2546 | D:4      | Reached skill level 5 in Spellcasting
  2546 | D:4      | Reached XP level 5. HP: 10/28 MP: 5/14
  3006 | D:4      | Learned a level 3 spell: Conjure Flame
  3011 | D:4      | Learned a level 4 spell: Sticky Flame
  3063 | D:4      | Reached XP level 6. HP: 32/32 MP: 10/15
  3113 | D:4      | Reached skill level 1 in Short Blades
  3344 | D:4      | Found a hazy altar of Hepliaklqana.
  3489 | D:4      | Noticed Grinder
  3497 | D:4      | Killed Grinder
  3497 | D:4      | Reached skill level 6 in Spellcasting
  3497 | D:4      | Reached skill level 5 in Fire Magic
  3497 | D:4      | Reached XP level 7. HP: 15/36 MP: 4/18
  3878 | D:4      | Found a sacrificial altar of Ru.
  4494 | D:5      | Entered Level 5 of the Dungeon
  5220 | D:5      | Found a burning altar of Makhleb.
  5229 | D:5      | Found a shimmering altar of Xom.
  5267 | D:5      | Found a hide-covered altar of Uskayaw.
  5270 | D:5      | Found a staircase to the Ecumenical Temple.
  5285 | D:5      | Noticed Dowan
  5286 | D:5      | Noticed Duvessa
  5301 | Temple   | Entered the Ecumenical Temple
  5468 | Temple   | Became a worshipper of Vehumet
  5494 | D:5      | Noticed Eustachio
  5509 | D:5      | Killed Eustachio
  5509 | D:5      | Reached skill level 7 in Spellcasting
  5549 | D:5      | Noticed Ijyb
  5561 | D:5      | Killed Ijyb
  5894 | D:5      | Reached skill level 5 in Dodging
  5894 | D:5      | Reached skill level 5 in Conjurations
  5894 | D:5      | Reached XP level 8. HP: 34/42 MP: 15/21
  6020 | D:5      | Killed Dowan
  6026 | D:5      | Killed Duvessa
  6241 | D:6      | Reached skill level 1 in Fighting
  6300 | D:6      | Reached skill level 8 in Spellcasting
  7093 | D:6      | Reached * piety under Vehumet
  7093 | D:6      | Offered knowledge of Magic Dart by Vehumet.
  7170 | D:6      | Learned a level 1 spell: Magic Dart
  7176 | D:6      | Learned a level 5 spell: Fireball
  7552 | D:6      | Found a white marble altar of Elyvilon.
  7791 | D:6      | Reached XP level 9. HP: 48/48 MP: 13/23
  7851 | D:6      | Learned a level 2 spell: Blink
  7855 | D:6      | Learned a level 3 spell: Mephitic Cloud
  7858 | D:6      | Learned a level 2 spell: Call Imp
  8050 | D:6      | Found Eckam's Antique Weapon Shoppe.
  8102 | D:6      | Bought a shortbow for 105 gold pieces
  8374 | D:7      | Reached skill level 1 in Bows
  8901 | D:7      | Reached skill level 1 in Armour
  8901 | D:7      | Reached skill level 1 in Summonings
  9103 | D:7      | Reached ** piety under Vehumet
  9103 | D:7      | Offered knowledge of Sandblast by Vehumet.
  9181 | D:7      | Learned a level 1 spell: Sandblast
  9581 | D:8      | Reached skill level 9 in Spellcasting
  9949 | D:8      | Noticed Harold
  9962 | D:8      | Killed Harold
  9962 | D:8      | Reached skill level 1 in Earth Magic
 10095 | D:8      | Reached XP level 10. HP: 37/53 MP: 17/25
 10282 | D:8      | Found a staircase to the Lair.
 10302 | D:8      | Found a transporter.
 10302 | D:8      | Noticed mumawa's ghost (novice TrEE)
 10561 | D:8      | Noticed Gastronok
 10599 | D:8      | HP: 2/53 [Gastronok (36)]
 10600 | D:8      | Slain by a river rat

Levels and vault maps discovered:
D:1:      ldierk_water_garden, layout_loops_cross
D:2:      layout_basic, minmay_tetromino_t4
D:3:      layout_rooms, first_ration, chequers_ecumenical_altar_twisty,
          okawaru_trees_2
D:4:      layout_loops_ring, hangedman_ru_absence, marbit_many_paths,
          chequers_serial_rivers_micro_e, uniq_purgy, uniq_grinder
D:5:      layout_rooms, old_standard_altar, xom_teletrap_fun,
          minmay_temple_entry_butterflies, makhleb_heckhound_becter, uniq_ijyb,
          uniq_duvessa, uniq_eustachio
D:6:      layout_gridville, serial_shops, nicolae_shop_overgrown_old_shop,
          elyvilon_altar_4
D:7:      layout_cave_pods
D:8:      layout_basic, nicolae_overflow_hidden_temple, erik_lair_island,
          gammafunk_ghost_mausoleum, uniq_harold, uniq_joseph, uniq_gastronok
Temple:   eino_temple_rhombus

Skill      XL: |  1  2  3  4  5  6  7  8  9 10 |
---------------+-------------------------------+-----
Fire Magic     | 4 5 6 7 8 |  8.4
Dodging        | 3 4 5 6 |  6.4
Conjurations   | 2 3 4 5 6 7 |  7.8
Spellcasting   | 4 5 6 7 8 9 |  9.7
Short Blades   | 1 |  1.2
Fighting       | 1 |  1.8
Bows           | 3 |  3.3
Armour         | 1 2 |  2.0
Summonings     | 2 |  2.8
Earth Magic    | 1 2 |  2.1
Long Blades    | |  0.7
Stealth        | |  2.4

Action                   |  1- 3 |  4- 6 |  7- 9 | 10-12 || total
-------------------------+-------+-------+-------+-------++-------
Melee: Unarmed           |    10 |       |       |       ||    10
       Dagger            |     1 |    25 |    17 |       ||    43
       Falchion          |       |       |    18 |       ||    18
 Fire: Shortbow          |       |       |    38 |    13 ||    51
 Cast: Flame Tongue      |    52 |    45 |    77 |     1 ||   175
       Throw Flame       |    11 |     3 |    71 |    10 ||    95
       Sticky Flame      |       |     6 |    39 |     3 ||    48
       Fireball          |       |       |    16 |     8 ||    24
 Stab: Sleeping          |       |     3 |       |       ||     3
  Eat: Chunk             |     3 |     5 |    19 |     2 ||    29
       Ration            |       |       |     2 |       ||     2
Armor: Robe              |     5 |     7 |    27 |     3 ||    42
Dodge: Dodged            |    27 |    28 |    99 |    14 ||   168
       Rpst.: Falchion   |       |       |    16 |       ||    16
